[Event "Titled Tuesday Blitz May 9 Late 2023"]
[White "Ashraf, Artin"]
[Black "Kalajzic, Ivan"]
[WhiteFideId "22514805"]
[BlackFideId "14506378"]
[WhiteElo "2188"]
[BlackElo "2203"]
[Result "1-0"]
[Round "02"]
[TimeControl "180+2"]
[Date "2023.05.09"]
[WhiteClock "0:00:03"]
[BlackClock "0:00:16"]

1. d4 Nc6 2. d5 Ne5 3. Nf3 Nxf3+ 4. exf3 e6 5. c4 Nf6 6. Nc3 exd5 7. cxd5 Bb4 8. Be2 O-O 9. O-O h6 10. Be3 d6 11. Qb3 a5 12. a3 Bxc3 13. bxc3 b6 14. c4 Re8 15. Rfe1 Ba6 16. Bd4 Nd7 17. f4 Nc5 18. Qg3 f6 19. h4 Ne4 20. Qg6 Re7 21. Bd3 Qe8 22. Bxe4 Qxg6 23. Bxg6 Rxe1+ 24. Rxe1 Bxc4 25. Re7 Bxd5 26. Rxc7 Rb8 27. Rd7 Bb3 28. Rxd6 b5 29. Ra6 a4 30. h5 Bf7 31. Ra7 Bc4 32. g4 Rd8 33. g5 fxg5 34. fxg5 hxg5 35. Bxg7 Rd1+ 36. Kh2 Bd5 37. f3 Bxf3 38. Be5 Bd5 39. Bh7+ Kf8 40. Bg7+ Ke8 41. Bg6+ Kd8 42. h6 Bg8 43. Ra8+ Ke7 44. Rxg8 Rd2+ 45. Kg3 Rd3+ 46. Kg4 Rxa3 47. h7 Ra1 48. Bxa1 Kd6 49. h8=Q Kc5 50. Qd4+ Kc6 51. Rc8+ Kb7 52. Qd7+ Ka6 53. Rc6+ Ka5 54. Bc3+ b4 55. Qa7+ Kb5 56. Qa6# 1-0


[Site "https://www.chess.com"]

[Event "Titled Tuesday Blitz May 9 Late 2023"]
[White "Klukin, Kirill"]
[Black "Abduzhaparov"]
[WhiteFideId "24199273"]
[WhiteElo "2344"]
[BlackElo "2381"]
[Result "1-0"]
[Round "02"]
[TimeControl "180+2"]
[Date "2023.05.09"]
[WhiteClock "0:00:13"]
[BlackClock "0:00:00"]

1. f4 d6 2. Nf3 Nf6 3. g3 h5 4. Bg2 h4 5. Nxh4 e5 6. fxe5 dxe5 7. O-O Bc5+ 8. e3 Ng4 9. Nc3 Nc6 10. Bd5 Nf6 11. Qf3 Bg4 12. Bxf7+ Kd7 13. Qg2 Qe7 14. Bg6 Raf8 15. Bf5+ Bxf5 16. Rxf5 Qe6 17. d4 Nxd4 18. exd4 Bxd4+ 19. Kh1 Rxh4 20. gxh4 Qxf5 21. Bg5 Ng4 22. h3 Nf2+ 23. Kh2 e4 24. Ne2 Be5+ 25. Ng3 Qf3 26. Re1 Bd6 27. Be3 Nd1 28. Bg5 e3 29. Qxf3 Rxf3 30. Rg1 e2 31. Bd2 Rf1 32. Be1 Rxg1 33. Kxg1 Bxg3 34. Bxg3 Ne3 35. Kf2 Nxc2 36. Kxe2 Nd4+ 37. Kd3 Nf5 38. Bf2 Ne7 39. Ke4 Ke6 40. h5 a6 41. Bd4 Nf5 42. Bc3 c6 43. Kf4 b5 44. Kg5 Ng3 45. Bxg7 Ne4+ 46. Kg6 c5 47. h6 Nd6 48. h7 Nf7 49. h8=Q Nxh8+ 50. Bxh8 c4 51. h4 b4 52. h5 a5 53. h6 a4 54. a3 c3 55. Bxc3 bxa3 56. bxa3 1-0


[Site "https://www.chess.com"]

[Event "Titled Tuesday Blitz May 9 Late 2023"]
[White "Skaric, Djuro"]
[Black "Bjelobrk, Igor"]
[WhiteFideId "934569"]
[BlackFideId "4300726"]
[WhiteElo "2282"]
[BlackElo "2319"]
[Result "0-1"]
[Round "02"]
[TimeControl "180+2"]
[Date "2023.05.09"]
[WhiteClock "0:00:42"]
[BlackClock "0:01:55"]

1. g3 d5 2. Bg2 e5 3. d3 Nf6 4. Nf3 Bd6 5. O-O O-O 6. Nc3 c6 7. h3 Re8 8. e4 dxe4 9. dxe4 a5 10. a3 Na6 11. Qe2 Nc5 12. Rd1 b6 13. Nh4 Ba6 14. Qe1 Qc7 15. Nf5 Bf8 16. Bg5 Nfd7 17. Qe3 Ne6 18. Bh4 g6 19. Nh6+ Kg7 20. g4 Nf4 21. g5 Nc5 22. Bg3 Nce6 23. h4 Bc5 24. Qf3 Nd4 25. Qg4 Bc8 26. Rxd4 Bxg4 27. Rd2 Be6 28. Bf1 Rad8 29. Rxd8 Rxd8 30. Rd1 Rxd1 31. Nxd1 b5 32. Ne3 Qd7 33. h5 Qd2 34. Bxf4 exf4 35. Neg4 Bxg4 36. Nxg4 gxh5 0-1


[Site "https://www.chess.com"]

[Event "Titled Tuesday Blitz May 9 Late 2023"]
[White "Lavrik, Dmitry"]
[Black "micke12a"]
[WhiteFideId "24113190"]
[WhiteElo "2345"]
[BlackElo "2367"]
[Result "1-0"]
[Round "02"]
[TimeControl "180+2"]
[Date "2023.05.09"]
[WhiteClock "0:01:23"]
[BlackClock "0:00:10"]

1. c4 Nf6 2. Nf3 c6 3. g3 d5 4. Bg2 g6 5. b3 Bg7 6. Bb2 O-O 7. O-O a5 8. Nc3 Ne4 9. Qc2 Bf5 10. d3 Nxc3 11. Bxc3 Bxc3 12. Qxc3 Qd6 13. Rfe1 a4 14. b4 Nd7 15. e4 Bg4 16. e5 Qb8 17. Ng5 h6 18. Nxf7 Kxf7 19. cxd5 cxd5 20. Bxd5+ e6 21. Bg2 Bf5 22. g4 Bxg4 23. Qd4 Rd8 24. Qxg4 Nb6 25. Qf4+ Kg8 26. Qxh6 Qc7 27. Qxg6+ Kh8 28. Re3 1-0


[Site "https://www.chess.com"]

[Event "Titled Tuesday Blitz May 9 Late 2023"]
[White "Gerbelli Neto, Eduardo"]
[Black "Simonian, Hrair"]
[WhiteFideId "2103281"]
[BlackFideId "13302337"]
[WhiteElo "2178"]
[BlackElo "2447"]
[Result "0-1"]
[Round "02"]
[TimeControl "180+2"]
[Date "2023.05.09"]
[WhiteClock "0:00:10"]
[BlackClock "0:00:17"]

1. e4 c5 2. Nc3 c4 3. Bxc4 d6 4. d3 Nc6 5. f4 g6 6. Nf3 Bg7 7. O-O e6 8. Qe1 Nge7 9. Bb3 O-O 10. Qh4 Bd7 11. f5 gxf5 12. Bg5 Qb6+ 13. Kh1 Ng6 14. Qh5 Nd4 15. Nxd4 Bxd4 16. exf5 Bxc3 17. bxc3 exf5 18. Bf6 d5 19. Bd4 Qd6 20. Rf3 f6 21. Re1 Rae8 22. Ref1 Re7 23. Rg3 Rg7 24. Qf3 Be6 25. Re1 Kh8 26. Be3 f4 27. Bxf4 Qxf4 28. Rxg6 Qxf3 29. gxf3 Rxg6 30. Rxe6 Rfg8 31. Re1 Rg5 32. f4 Rf5 33. h3 b6 34. Kh2 Rxf4 35. Bxd5 Rf2+ 36. Kh1 Rd8 37. Bc4 Rxc2 38. Re7 Rxc3 39. Rxa7 f5 40. Kg2 Rc1 41. Kf3 Rf1+ 42. Ke3 f4+ 43. Ke4 Re8+ 44. Kf5 f3 45. Kg4 f2 46. d4 Rg1+ 47. Kh5 f1=Q 48. Bxf1 Rxf1 49. Rb7 Rf5+ 0-1


[Site "https://www.chess.com"]

[Event "Titled Tuesday Blitz May 9 Late 2023"]
[White "Iliaguev, Nisim"]
[Black "Rangel, Daniel"]
[WhiteFideId "2817276"]
[BlackFideId "2124475"]
[WhiteElo "2241"]
[BlackElo "2256"]
[Result "1-0"]
[Round "02"]
[TimeControl "180+2"]
[Date "2023.05.09"]
[WhiteClock "0:00:23"]
[BlackClock "0:00:11"]

1. d4 Nf6 2. g3 g6 3. Bg2 Bg7 4. e4 O-O 5. Ne2 c5 6. c3 cxd4 7. cxd4 d5 8. e5 Nfd7 9. O-O Nb6 10. Nbc3 Bg4 11. h3 Bxe2 12. Qxe2 e6 13. f4 Nc6 14. Be3 Nc4 15. Rad1 Nxe3 16. Qxe3 Qb6 17. b3 Rfc8 18. Kh2 Bf8 19. g4 Bh6 20. Qf2 Nxd4 21. Na4 Qc7 22. Rxd4 g5 23. fxg5 Bg7 24. Kh1 Bxe5 25. Rd2 Qe7 26. h4 Bc7 27. Nb2 Rf8 28. Nd3 Bb6 29. Qf6 Qxf6 30. gxf6 Rfc8 31. g5 Rc3 32. Ne5 Rac8 33. h5 Be3 34. Re2 Bxg5 35. Rf3 Rxf3 36. Nxf3 Bxf6 37. Bh3 Rc1+ 38. Kg2 Rb1 39. Rc2 Rb2 40. Rxb2 Bxb2 41. Kf2 h6 42. Ke3 Kf8 43. Nh2 Ke7 44. Ng4 Bg7 45. Bf1 f5 46. Nh2 e5 47. Nf3 e4 48. Nh4 Bf6 49. Nxf5+ Ke6 50. Nd4+ Ke5 51. Ne2 d4+ 52. Kf2 d3 53. Ng3 Bh4 54. Kg2 Bxg3 55. Kxg3 e3 56. Bxd3 Kd4 57. Be2 Kc3 58. Kf3 Kb2 59. Kxe3 Kxa2 60. Bc4 Ka3 61. Ke4 Kb4 62. Kf5 a5 63. Bf7 b5 64. Kg6 Kc3 65. Kxh6 a4 66. b4 Kxb4 67. Kg6 Kc3 68. h6 b4 69. h7 b3 70. h8=Q+ Kc2 71. Kf6 Kb2 72. Ke6+ Ka3 73. Qa1+ Kb4 74. Kd5 a3 75. Kd4 b2 76. Qa2 Ka4 77. Bb3+ Kb4 78. Bc2 b1=Q 79. Qxb1+ Ka5 80. Kc5 Ka6 81. Qb6# 1-0


[Site "https://www.chess.com"]

[Event "Titled Tuesday Blitz May 9 Late 2023"]
[White "Korchmar, Vasiliy"]
[Black "Malicka, Maria"]
[WhiteFideId "24131750"]
[BlackFideId "1197576"]
[WhiteElo "2370"]
[BlackElo "2227"]
[Result "0-1"]
[Round "02"]
[TimeControl "180+2"]
[Date "2023.05.09"]
[WhiteClock "0:00:13"]
[BlackClock "0:01:08"]

1. e4 c5 2. Nf3 d6 3. d4 cxd4 4. Nxd4 Nf6 5. Nc3 a6 6. Be2 e6 7. Be3 Be7 8. g4 h6 9. Qd2 b5 10. a3 Bb7 11. f3 Nbd7 12. h4 Rc8 13. O-O-O Ne5 14. g5 Nfd7 15. f4 Nc4 16. Bxc4 Rxc4 17. g6 Nc5 18. gxf7+ Kxf7 19. Qe2 Qa5 20. Rhg1 Rxc3 21. Qh5+ Kf8 22. Rxg7 Kxg7 23. Nf5+ Kf8 24. Nxh6 Rxc2+ 25. Kb1 Rh7 26. Bxc5 Bxe4 27. Ka1 Rxc5 28. f5 Bf6 0-1


[Site "https://www.chess.com"]

[Event "Titled Tuesday Blitz May 9 Late 2023"]
[White "Hoffmann, Asa"]
[Black "Manukyan, Sargis A."]
[WhiteFideId "2001470"]
[BlackFideId "13303970"]
[WhiteElo "2117"]
[BlackElo "2187"]
[Result "0-1"]
[Round "02"]
[TimeControl "180+2"]
[Date "2023.05.09"]
[WhiteClock "0:00:01"]
[BlackClock "0:00:33"]

1. d4 d5 2. Bg5 f6 3. Bf4 e6 4. Nf3 Bd6 5. Bg3 Ne7 6. e3 O-O 7. c4 c6 8. Nc3 Nf5 9. Qc2 Na6 10. a3 Nc7 11. Bd3 g6 12. O-O-O a6 13. e4 dxe4 14. Nxe4 Be7 15. h4 b5 16. h5 g5 17. Nc3 bxc4 18. Bxc4 Nd5 19. Rhe1 Bd7 20. Bh2 a5 21. g4 Nh6 22. Rg1 Rb8 23. Ne4 Rb7 24. Nc5 Ra7 25. Rde1 Bxc5 26. dxc5 Re8 27. Rd1 a4 28. Bxd5 exd5 29. Rd4 Qc8 30. Bd6 Bxg4 31. Nd2 Bxh5 32. Rxa4 Bg6 33. Qb3 Rxa4 34. Qxa4 Qf5 35. f3 Nf7 36. Qb3 Ne5 37. Bxe5 Rxe5 38. a4 Re3 39. Qd1 d4 40. Ne4 Rxe4 41. fxe4 Qxe4 42. Qb3+ Kg7 43. Rd1 Qb1+ 44. Kd2 Qf5 45. Qc4 Qf4+ 46. Ke1 Qg3+ 47. Ke2 Bh5+ 48. Kd2 Qe3+ 49. Kc2 Bg6+ 50. Rd3 Qe2+ 0-1


[Site "https://www.chess.com"]

[Event "Titled Tuesday Blitz May 9 Late 2023"]
[White "Dragomirescu, Calin"]
[Black "Aggelis, Nikolaos"]
[WhiteFideId "1200895"]
[BlackFideId "4213220"]
[WhiteElo "2010"]
[BlackElo "2189"]
[Result "0-1"]
[Round "02"]
[TimeControl "180+2"]
[Date "2023.05.09"]
[WhiteClock "0:01:03"]
[BlackClock "0:00:21"]

1. d4 f5 2. g3 d6 3. Bg2 g6 4. Nf3 Bg7 5. O-O Nf6 6. c4 O-O 7. Nc3 Qe8 8. Rb1 e5 9. dxe5 dxe5 10. b4 e4 11. Nd4 c6 12. e3 Nbd7 13. c5 Ne5 14. Nce2 Nd5 15. Qb3 Nd3 16. Nf4 Nxf4 17. gxf4 Bxd4 18. exd4 Be6 19. Qb2 Kh8 20. Be3 Rg8 21. b5 Qf7 22. bxc6 bxc6 23. Qb7 Nc3 24. Qxf7 Bxf7 25. Rb7 Bxa2 26. Ra1 a5 27. d5 Ne2+ 28. Kf1 Bc4 29. Ke1 cxd5 30. Bf1 Rg7 31. Rxg7 Kxg7 32. Bxe2 Bxe2 33. Kxe2 Kf7 34. c6 Ke6 35. Bb6 Rc8 36. c7 d4 37. Rxa5 d3+ 38. Ke3 Kd6 39. Ra3 Kc6 40. Rb3 Ra8 41. h4 Kd7 42. Rc3 Rc8 43. Ba5 Kd6 44. Kd4 d2 45. Bb4+ Kd7 46. Rd3 exd3 47. Bxd2 Rxc7 48. Kxd3 Ra7 49. Be3 Ra3+ 50. Ke2 Ke6 51. Kf3 Kd5 52. Kg3 Ke4 53. h5 gxh5 54. Kh4 Rxe3 55. fxe3 Kxe3 56. Kxh5 Kxf4 0-1


[Site "https://www.chess.com"]

[Event "Titled Tuesday Blitz May 9 Late 2023"]
[White "HamedWafa4"]
[Black "Shapiro, Daniel"]
[BlackFideId "2001780"]
[WhiteElo "2573"]
[BlackElo "2357"]
[Result "1-0"]
[Round "02"]
[TimeControl "180+2"]
[Date "2023.05.09"]
[WhiteClock "0:01:27"]
[BlackClock "0:00:02"]

1. e4 e5 2. Nf3 Nc6 3. Bb5 a6 4. Ba4 Nf6 5. O-O Be7 6. Nc3 b5 7. Bb3 Bb7 8. d3 h6 9. a4 b4 10. Nd5 Bd6 11. a5 O-O 12. Bd2 Nxd5 13. Bxd5 Rb8 14. g3 Ne7 15. Bb3 Ng6 16. h4 Re8 17. h5 Nf8 18. Nh4 Ne6 19. Qg4 Bf8 20. Bxh6 Kh7 21. Be3 d5 22. Nf5 c5 23. Ba4 c4 24. Bxe8 Qxe8 25. exd5 Nd4 26. Nxd4 exd4 27. Qxd4 cxd3 28. Qxd3+ Kg8 29. c4 bxc3 30. bxc3 Qe5 31. Bf4 Qxh5 32. Bxb8 Bxd5 33. f3 Bc5+ 34. Rf2 Qh3 35. Qxd5 Bxf2+ 36. Kxf2 Qh2+ 37. Ke3 1-0


[Site "https://www.chess.com"]

[Event "Titled Tuesday Blitz May 9 Late 2023"]
[White "Hnydiuk, Aleksander"]
[Black "Senft, Sean"]
[WhiteFideId "1109057"]
[BlackFideId "2044960"]
[WhiteElo "2374"]
[BlackElo "1989"]
[Result "1-0"]
[Round "02"]
[TimeControl "180+2"]
[Date "2023.05.09"]
[WhiteClock "0:02:07"]
[BlackClock "0:02:20"]

1. e4 c5 2. Nf3 d6 3. d4 cxd4 4. Nxd4 Nf6 5. Nc3 a6 6. f3 e5 7. Nb3 a5 8. Bb5+ Nbd7 9. Be3 Be7 10. Qe2 O-O 11. O-O-O Qc7 12. g4 Nc5 13. g5 Nxb3+ 14. axb3 Nh5 15. Nd5 Qd8 16. Bb6 Nf4 17. Qe1 Ng2 18. Bxd8 1-0


[Site "https://www.chess.com"]

[Event "Titled Tuesday Blitz May 9 Late 2023"]
[White "Adewumi, Tanitoluwa"]
[Black "Guzman Moneo, Alberto"]
[WhiteFideId "30966396"]
[BlackFideId "2209616"]
[WhiteElo "2566"]
[BlackElo "2157"]
[Result "1-0"]
[Round "02"]
[TimeControl "180+2"]
[Date "2023.05.09"]
[WhiteClock "0:00:03"]
[BlackClock "0:00:11"]

1. e4 e6 2. d4 d5 3. exd5 exd5 4. Nf3 Nc6 5. Nc3 Bg4 6. Bb5 Bb4 7. O-O Ne7 8. h3 Bh5 9. a3 Ba5 10. b4 Bb6 11. Be3 O-O 12. g4 Bg6 13. Rb1 a5 14. bxa5 Bxa5 15. Ne2 Bb6 16. a4 Na5 17. Nf4 Be4 18. Ne5 f6 19. Ne6 Qd6 20. Nxf8 fxe5 21. dxe5 Qxe5 22. Nd7 Qd6 23. Nxb6 cxb6 24. c4 Rd8 25. Rc1 d4 26. Bd2 Nac6 27. Qe1 Bf3 28. c5 bxc5 29. Bc4+ Kh8 30. Qe6 Qxe6 31. Bxe6 b6 32. Rb1 Rd6 33. Bc4 Ne5 34. Bb5 h5 35. Bf4 N7g6 36. Bg3 hxg4 37. h4 Re6 38. h5 Ne7 39. Rbe1 N5g6 40. Rxe6 Nf5 41. hxg6 Bc6 42. Bxc6 Nd6 43. Bxd6 Kg8 44. Re8# 1-0


[Site "https://www.chess.com"]

[Event "Titled Tuesday Blitz May 9 Late 2023"]
[White "Stachanczyk, Jacek"]
[Black "Bruedigam, Martin"]
[WhiteFideId "1116657"]
[BlackFideId "24608033"]
[WhiteElo "2084"]
[BlackElo "2331"]
[Result "0-1"]
[Round "02"]
[TimeControl "180+2"]
[Date "2023.05.09"]
[WhiteClock "0:02:08"]
[BlackClock "0:02:30"]

1. e4 c6 2. d4 d5 3. Nc3 dxe4 4. Nxe4 Bf5 5. Ng3 Bg6 6. h4 h6 7. Nf3 Nd7 8. h5 Bh7 9. Bd3 Bxd3 10. Qxd3 e6 11. Bd2 Ngf6 12. O-O-O Be7 13. Ne4 Nxe4 14. Qxe4 Nf6 15. Qe2 Qd5 16. Kb1 Qe4 17. Be3 Nd5 18. Ne5 O-O 19. g4 Rad8 20. Rd3 Qxh1+ 0-1


[Site "https://www.chess.com"]

[Event "Titled Tuesday Blitz May 9 Late 2023"]
[White "Lorenzo De La Riva, Lazaro"]
[Black "Bashkansky, Ethan"]
[WhiteFideId "2268809"]
[BlackFideId "2071533"]
[WhiteElo "2294"]
[BlackElo "2348"]
[Result "0-1"]
[Round "02"]
[TimeControl "180+2"]
[Date "2023.05.09"]
[WhiteClock "0:00:37"]
[BlackClock "0:00:30"]

1. f4 f5 2. Nf3 Nf6 3. c4 g6 4. g3 Bg7 5. Bg2 O-O 6. Nc3 d6 7. d4 c6 8. O-O Nbd7 9. Ng5 Nb6 10. b3 e5 11. e3 exd4 12. exd4 d5 13. c5 h6 14. Nf3 Nbd7 15. Ne5 Nxe5 16. fxe5 Ne4 17. Nxe4 fxe4 18. Be3 Be6 19. Qd2 Kh7 20. b4 Qd7 21. h4 Bh3 22. a4 Rxf1+ 23. Rxf1 Bxg2 24. Kxg2 Rf8 25. Rxf8 Bxf8 26. Qe2 a6 27. g4 Qf7 28. Qf2 Qxf2+ 29. Kxf2 Be7 30. Kg3 Bd8 31. e6 Kg7 32. Bf4 g5 33. Bd6 gxh4+ 34. Kh3 Kf6 35. Kxh4 Kxe6+ 36. Kg3 Bf6 37. Bf4 Bxd4 38. Bxh6 Bc3 39. Be3 Bxb4 40. Bd4 Bd2 41. Kf2 Kf7 42. Ke2 Bg5 43. Kf2 Kg6 44. Kg3 Bc1 45. Kh4 Bd2 46. Kg3 Kg5 47. Kh3 Bf4 48. Bf2 e3 49. Bh4+ Kg6 50. Kg2 d4 51. Kf3 d3 52. Bd8 d2 53. Ke2 Bg5 54. Bc7 Kf7 55. Bh2 Ke6 56. Bg1 Kd5 57. Bxe3 Bxe3 58. Kd1 Bg5 59. Ke2 Kxc5 60. Kd3 Kb4 61. Ke4 Kxa4 62. Kf5 d1=Q 63. Kxg5 c5 64. Kf6 c4 65. g5 c3 66. g6 c2 67. g7 Qd4+ 68. Kf7 Qxg7+ 69. Kxg7 c1=Q 70. Kf7 b5 71. Kf6 Qd2 72. Ke6 b4 73. Ke5 b3 74. Ke6 b2 75. Ke5 b1=Q 76. Ke6 Qbe1+ 77. Kf6 Qdf2+ 78. Kg6 Qeg1+ 79. Kh6 Qfh2# 0-1


[Site "https://www.chess.com"]

[Event "Titled Tuesday Blitz May 9 Late 2023"]
[White "Haydon, David L"]
[Black "Ansh M Shah"]
[WhiteFideId "415405"]
[BlackFideId "25033379"]
[WhiteElo "2326"]
[BlackElo "2084"]
[Result "1/2-1/2"]
[Round "02"]
[TimeControl "180+2"]
[Date "2023.05.09"]
[WhiteClock "0:00:41"]
[BlackClock "0:00:12"]

1. e4 c6 2. Nf3 d5 3. d3 dxe4 4. dxe4 Qxd1+ 5. Kxd1 Nf6 6. Bd3 Nbd7 7. Ke2 g6 8. Nbd2 Bg7 9. Nc4 O-O 10. a4 b6 11. h3 Bb7 12. Bf4 Nc5 13. e5 Nd5 14. Bd2 Rfd8 15. h4 Ba6 16. h5 Rd7 17. hxg6 hxg6 18. b4 Bxc4 19. Bxc4 Ne4 20. Bg5 Nxg5 21. Nxg5 Bxe5 22. Ra3 e6 23. Rah3 Nf4+ 24. Ke3 Nxh3 25. Rxh3 Rd4 26. Bb3 Rxb4 27. g3 Rd8 28. f4 Bf6 29. Ne4 Be7 30. Nd2 a5 31. Nc4 Bc5+ 32. Ke2 Rd4 33. Ne5 Rd6 34. Nd3 Bd4 35. Nxb4 axb4 36. g4 Bc3 37. Rd3 Rxd3 38. Kxd3 Kf8 39. Ke4 Ke7 40. g5 f6 41. gxf6+ Kxf6 42. Bc4 c5 43. Bb5 g5 44. Bd7 gxf4 45. Kxf4 Ke7 46. Bb5 Kd6 47. Ke4 Bd4 48. Bc4 Bf6 49. Bb3 Bd4 50. Kd3 e5 51. Kc4 Kc6 52. Kd3 b5 53. axb5+ Kxb5 54. Bc4+ Ka4 55. Bb3+ Ka3 56. Bc4 Kb2 57. Bb3 Kc1 58. Bd5 Kd1 59. Bf3+ Ke1 60. Bh5 Kf2 61. Bg6 Kg3 62. Be4 Kf4 63. Bh7 Kf3 64. Be4+ Kg4 65. Bd5 Kf4 66. Bc6 e4+ 67. Bxe4 Bc3 68. Bd5 Ke5 69. Bc4 Kd6 70. Bb3 Ke5 71. Kc4 Kd6 72. Kb5 Bd4 73. Kc4 Bc3 74. Kd3 Bd4 75. Ke4 Bc3 76. Kd3 1/2-1/2


[Site "https://www.chess.com"]

[Event "Titled Tuesday Blitz May 9 Late 2023"]
[White "Al-Saffar, Araz Basim Mohammed S"]
[Black "Spitzl, Vinzent"]
[WhiteFideId "4801040"]
[BlackFideId "12901253"]
[WhiteElo "2304"]
[BlackElo "2225"]
[Result "1-0"]
[Round "02"]
[TimeControl "180+2"]
[Date "2023.05.09"]
[WhiteClock "0:01:06"]
[BlackClock "0:00:00"]

1. d4 d5 2. c4 e6 3. Nc3 Nf6 4. Nf3 Bb4 5. cxd5 exd5 6. Qa4+ Nc6 7. Bg5 h6 8. Bxf6 Qxf6 9. e3 O-O 10. Bb5 Bxc3+ 11. bxc3 Ne7 12. O-O c6 13. Bd3 Bf5 14. Bxf5 Nxf5 15. c4 dxc4 16. Qxc4 Nd6 17. Qc2 Qe6 18. Rab1 Rfe8 19. Rfc1 Rac8 20. a4 Qd5 21. Qc5 b6 22. Qxd5 cxd5 23. Ne5 Nc4 24. Nxc4 Rxc4 25. Rxc4 dxc4 26. Kf1 Kf8 27. Ke2 Ke7 28. Kd2 Kd6 29. Kc3 Kd5 30. Rb5+ Ke4 31. a5 Re6 32. a6 f6 33. Kd2 c3+ 34. Ke2 Re5 35. dxe5 c2 36. e6 1-0


[Site "https://www.chess.com"]

[Event "Titled Tuesday Blitz May 9 Late 2023"]
[White "Reprintsev, Alexander"]
[Black "Ingunza Curro, Andres"]
[WhiteFideId "14100541"]
[BlackFideId "24526371"]
[WhiteElo "2218"]
[BlackElo "2247"]
[Result "1-0"]
[Round "02"]
[TimeControl "180+2"]
[Date "2023.05.09"]
[WhiteClock "0:02:32"]
[BlackClock "0:02:10"]

1. e4 e5 2. Nf3 Nc6 3. Bc4 Nf6 4. Ng5 d5 5. exd5 Na5 6. Bb5+ c6 7. dxc6 bxc6 8. Bd3 Nd5 9. h4 h6 10. Qh5 Qc7 11. Nxf7 Nf6 12. Qxe5+ Qxe5+ 13. Nxe5 Bd6 14. Ng6 1-0


[Site "https://www.chess.com"]

[Event "Titled Tuesday Blitz May 9 Late 2023"]
[White "Cruz, William Ferreira Da"]
[Black "Szente Varga, Fruzsina"]
[WhiteFideId "2118050"]
[BlackFideId "712264"]
[WhiteElo "2223"]
[BlackElo "1994"]
[Result "1-0"]
[Round "02"]
[TimeControl "180+2"]
[Date "2023.05.09"]
[WhiteClock "0:01:00"]
[BlackClock "0:01:06"]

1. d4 Nf6 2. c4 g6 3. Nc3 Bg7 4. e4 d6 5. Nf3 O-O 6. Be2 e5 7. O-O Nc6 8. d5 Ne7 9. Ne1 Nd7 10. Be3 f5 11. f3 f4 12. Bf2 g5 13. Rc1 h5 14. c5 Nf6 15. cxd6 cxd6 16. Nb5 Ne8 17. h3 Ng6 18. Nxa7 Bd7 19. Bb5 Bxh3 20. gxh3 Qa5 21. Qa4 Qd2 22. Rc2 Qd1 23. Be2 Qb1 24. Nd3 Rxa7 25. Bxa7 1-0


[Site "https://www.chess.com"]

[Event "Titled Tuesday Blitz May 9 Late 2023"]
[White "Itkis, Boris"]
[Black "Altman, Joshua"]
[WhiteFideId "1209167"]
[BlackFideId "426210"]
[WhiteElo "2216"]
[BlackElo "2028"]
[Result "1-0"]
[Round "02"]
[TimeControl "180+2"]
[Date "2023.05.09"]
[WhiteClock "0:01:48"]
[BlackClock "0:00:00"]

1. c4 e5 2. Nc3 Nc6 3. Nf3 Nf6 4. e4 Bb4 5. d3 O-O 6. a3 Bxc3+ 7. bxc3 h6 8. g3 d6 9. Bg2 Be6 10. O-O Qd7 11. Nh4 Bh3 12. f4 Bxg2 13. Kxg2 exf4 14. Rxf4 Ne7 15. Rxf6 gxf6 16. Bxh6 Rfe8 17. Qh5 Ng6 18. Rf1 Re5 19. Nf5 Qa4 20. Bf4 Qc2+ 21. Kh3 Qxd3 22. Rf3 Qxe4 23. Bxe5 Nxe5 24. Rf4 1-0


[Site "https://www.chess.com"]

[Event "Titled Tuesday Blitz May 9 Late 2023"]
[White "Bagrationi, Alexander"]
[Black "Sarkar, Justin"]
[WhiteFideId "14104954"]
[BlackFideId "2010011"]
[WhiteElo "2398"]
[BlackElo "2168"]
[Result "0-1"]
[Round "02"]
[TimeControl "180+2"]
[Date "2023.05.09"]
[WhiteClock "0:00:20"]
[BlackClock "0:00:06"]

1. e4 e5 2. Nf3 Nc6 3. Bc4 Nf6 4. Ng5 d5 5. exd5 Nd4 6. c3 b5 7. cxd4 bxc4 8. dxe5 Nxd5 9. d3 Bb4+ 10. Kf1 O-O 11. Na3 Bxa3 12. bxa3 Nc3 13. Qc2 Qxd3+ 14. Qxd3 cxd3 15. Bd2 Nd5 16. Rc1 Rb8 17. h4 Rb2 18. Ke1 Rxa2 19. h5 h6 20. Ne4 Rxa3 21. Rh4 a5 22. Nc5 Bf5 23. Rd4 c6 24. g4 Bh7 25. f4 Re8 26. Kf1 f6 27. e6 Ra2 28. Ke1 f5 29. g5 g6 30. hxg6 Bxg6 31. gxh6 Rc2 32. Rxc2 dxc2 33. Rc4 Bf7 34. Rxc2 Bxe6 35. Kf2 Kh7 36. Bxa5 Nxf4 37. Bd2 Nd5 38. Rb2 Bf7 39. Rb7 Re7 40. Rb8 Re8 41. Rxe8 Bxe8 42. Bg5 Bg6 43. Ne6 Bf7 44. Nf8+ Kg8 45. h7+ Kg7 46. Bf6+ Nxf6 47. h8=Q+ Kxh8 48. Nd7 Kg7 49. Ne5 Ng4+ 50. Nxg4 fxg4 51. Kg3 c5 52. Kxg4 c4 53. Kf3 c3 54. Ke2 c2 55. Kd2 Bg6 56. Kc1 Kf6 57. Kb2 Ke5 58. Kc1 Kd4 59. Kd2 Kc4 60. Kc1 Kd3 61. Kb2 Kd2 62. Kb3 c1=Q 63. Kb4 Qc6 64. Kb3 Qc5 65. Kb2 Qb4+ 66. Ka1 Qa3# 0-1


[Site "https://www.chess.com"]

[Event "Titled Tuesday Blitz May 9 Late 2023"]
[White "Celestino, Rafael Teixeira"]
[Black "Dragomirescu, Robin-Alexandru"]
[WhiteFideId "2108925"]
[BlackFideId "1213849"]
[WhiteElo "2331"]
[BlackElo "2356"]
[Result "0-1"]
[Round "02"]
[TimeControl "180+2"]
[Date "2023.05.09"]
[WhiteClock "0:00:09"]
[BlackClock "0:00:16"]

1. e4 Nc6 2. Nf3 f5 3. exf5 d5 4. Bb5 Bxf5 5. Ne5 Qd6 6. d4 Nf6 7. Bf4 Qb4+ 8. Nc3 Qxb2 9. Nxc6 a6 10. Nxe7+ Kxe7 11. O-O Qxc3 12. Re1+ Kf7 13. Bd3 Bxd3 14. cxd3 c6 15. Rb1 h6 16. Rxb7+ Kg6 17. Be5 Re8 18. Re3 Be7 19. Rg3+ Kh7 20. h4 Rhf8 21. Qf3 Qc1+ 22. Kh2 Kh8 23. Qf5 Rf7 24. Qg6 Ref8 25. Bd6 Bxd6 26. Rxf7 Rxf7 27. Qxf7 Bxg3+ 28. Kxg3 Kh7 29. h5 Qd2 30. Qg6+ Kg8 31. f3 Qg5+ 32. Qxg5 hxg5 33. f4 g4 34. Kh4 Kf7 35. Kg5 Ke7 36. g3 Kf7 37. h6 gxh6+ 38. Kxh6 Ne8 39. Kg5 Nf6 40. Kf5 Nh5 41. Kxg4 Kg6 42. Kf3 Nf6 43. g4 Nd7 44. Kg3 Nf8 45. Kh4 Nd7 46. f5+ Kf6 47. Kh5 c5 48. g5+ Kxf5 49. g6 Nf6+ 50. Kh6 cxd4 51. g7 Ng8+ 52. Kh7 Ne7 53. Kh6 Kf6 54. a3 a5 55. a4 Nf5+ 56. Kh5 Nxg7+ 57. Kg4 Ne6 58. Kf3 Ke5 59. Kg4 Nc5 60. Kf3 Nxa4 61. Ke2 Nc5 62. Kd2 a4 63. Kc2 Kf4 64. Kd2 Kf3 65. Kc2 Ke3 66. Kb2 Kxd3 67. Ka3 Kc4 68. Kb2 Kb4 69. Ka2 a3 70. Kb1 Kb3 71. Ka1 d3 72. Kb1 d2 0-1


[Site "https://www.chess.com"]

[Event "Titled Tuesday Blitz May 9 Late 2023"]
[White "Rengifo Blancas, Renzo Jhonathan"]
[Black "Ardila, Oscar Humberto"]
[WhiteFideId "3807185"]
[BlackFideId "4404742"]
[WhiteElo "2085"]
[BlackElo "1918"]
[Result "1/2-1/2"]
[Round "02"]
[TimeControl "180+2"]
[Date "2023.05.09"]
[WhiteClock "0:00:14"]
[BlackClock "0:00:07"]

1. e4 e5 2. d4 exd4 3. Nf3 Nc6 4. Bc4 Be7 5. Nxd4 Ne5 6. Bb3 Nf6 7. Nf5 d6 8. f4 Bxf5 9. fxe5 Bg4 10. Ba4+ c6 11. Qd3 Qa5+ 12. Nc3 Qxe5 13. O-O O-O 14. Bf4 Qc5+ 15. Be3 Qh5 16. h3 Be6 17. Bb3 Bxb3 18. Rf5 Qh4 19. Bg5 Bc4 20. Qxc4 Qg3 21. Ne2 d5 22. exd5 cxd5 23. Rxd5 Qb8 24. Bf4 Qc8 25. Qxc8 Raxc8 26. Rd2 Ne4 27. Rd7 Bf6 28. c3 Nc5 29. Rd5 Rfe8 30. Kf2 Re4 31. Rad1 h6 32. Be3 Na4 33. Rb5 b6 34. Ng3 Re6 35. Bd4 Nc5 36. Bxc5 bxc5 37. Rb7 Rb6 38. Rxb6 axb6 39. Rd6 Rb8 40. Ne4 Be5 41. Rd7 f5 42. Nd2 g5 43. Nc4 Bf4 44. g3 b5 45. Ne3 Bxe3+ 46. Kxe3 b4 47. c4 Ra8 48. Rd5 Rxa2 49. Rxf5 Rxb2 50. Rxc5 Rb3+ 51. Kf2 Rc3 52. Rc7 b3 53. Rb7 Kf8 54. g4 Ke8 55. Kg2 Kd8 56. Rb6 Kc7 57. Rb4 Kc6 58. Rb5 Rd3 59. Kh2 Rc3 60. Kg2 Rd3 61. h4 gxh4 62. Kh2 Kd6 63. Kg2 Kc6 64. Kh2 h3 65. Kh1 Rg3 66. Kh2 Rd3 67. Kh1 Kd6 68. Kh2 Kc6 1/2-1/2


[Site "https://www.chess.com"]